 Dungeon Crawl Stone Soup version 0.29-a0-359-g541a27f54d (webtiles) character file.

Game seed: 9858992311460538515

171832 Querens the Sorcerer (level 17, -9/104 HPs)
             Began as a Deep Elf Conjurer on Apr 27, 2022.
             Was the Champion of Vehumet.
             Killed from afar by Aizul (17 damage)
             ... with a bolt of poison
             ... on level 1 of the Swamp.
             The game lasted 01:52:46 (15512 turns).

Querens the Sorcerer (Deep Elf Conjurer)           Turns: 15512, Time: 01:52:47

Health: -9/104     AC: 13    Str:  6    XL:     17   Next: 15%
Magic:  49/53      EV: 11    Int: 36    God:    Vehumet [******]
Gold:   2421       SH:  0    Dex: 13    Spells: 17/58 levels left

rFire   + . .      SeeInvis +   X - staff of conjuration
rCold   + . .      Faith    .   (no shield)
rNeg    . . .      Spirit   .   n - +4 troll leather armour
rPois   .          Reflect  .   U - +0 helmet {SInv}
rElec   .          Harm     .   T - scarf {rC+ rF+}
rCorr   .          Rampage  .   u - +2 pair of gloves {hurl}
Will    +....                   M - +0 pair of boots
Stlth   ++........              g - amulet of magic regeneration
HPRegen 1.07/turn               L - ring of magical power
MPRegen 0.73/turn               i - +6 ring of intelligence

@: lethally poisoned (-9 -> -21)
A: no striking features
}: 1/15 runes: gossamer
a: Renounce Religion


You were on level 1 of the Swamp.
You worshipped Vehumet.
Vehumet was exalted by your worship.
You visited 6 branches of the dungeon, and saw 25 of its levels.
You also visited: Sewer, Ice Cave and Volcano.

You collected 3324 gold pieces.
You spent 903 gold pieces at shops.

Inventory:

Armour
 a - a +2 robe of willpower
 n - a +4 troll leather armour (worn)
 u - a +2 pair of gloves of hurling (worn)
 w - a scarf of shadows
 J - a +2 helmet
 M - a +0 pair of boots (worn)
 T - a scarf of resistance (worn)
 U - a +0 helmet of see invisible (worn)
 V - a +2 robe of resistance
Magical Staves
 X - a staff of conjuration (weapon)
Jewellery
 d - a ring of flight
 g - an amulet of magic regeneration (around neck)
 i - a +6 ring of intelligence (right hand)
 j - a ring of wizardry
 D - a ring of protection from fire
 H - an amulet of regeneration
 L - a ring of magical power (left hand)
 N - a ring of wizardry
 W - a ring of see invisible
 Z - the ring "Guad" {+Blink rC+}
   (You found it in an ice cave)

   [ring of protection from cold]

   rC:        It protects you from cold.
   +Blink:    It lets you blink.
Wands
 k - a wand of mindburst (3)
 q - a wand of paralysis (3)
 E - a wand of acid (13)
 G - a wand of iceblast (17)
 K - a wand of digging (13)
Scrolls
 c - 12 scrolls of teleportation
 e - 2 scrolls of fog
 f - 2 scrolls of identify
 l - 5 scrolls of blinking
 p - 2 scrolls of enchant armour
 r - 5 scrolls of holy word
 v - 5 scrolls of fear
 y - 6 scrolls of amnesia
 z - 2 scrolls of immolation
 B - a scroll of brand weapon
 C - 6 scrolls of magic mapping
 Q - a scroll of silence
 R - 4 scrolls of enchant weapon
 Y - 2 scrolls of summoning
Potions
 b - 3 potions of magic
 h - 2 potions of lignification
 m - 16 potions of curing
 o - 3 potions of resistance
 s - 4 potions of might
 t - a potion of flight
 x - 8 potions of brilliance
 A - 9 potions of heal wounds
 F - a potion of cancellation
 I - 2 potions of berserk rage
 O - 3 potions of haste
 P - 6 potions of ambrosia
 S - 5 potions of mutation


   Skills:
 + Level 10.8 Fighting
 - Level 2.4 Dodging
 - Level 2.4 Stealth
 + Level 21.0 Spellcasting
 + Level 18.3 Conjurations
 + Level 7.3 Summonings
 - Level 12.0 Translocations
 + Level 13.9 Fire Magic


You had 17 spell levels left.
You knew the following spells:

 Your Spells              Type           Power      Damage    Failure   Level
a - Magic Dart            Conj           100%       1d8       0%          1
b - Searing Ray           Conj           100%       2d8       0%          2
c - Iskenderun's Mystic   Conj/Tloc      100%       2d19      0%          4
d - Fulminant Prism       Conj/Hex       50%        3d23      1%          4
e - Swiftness             Air            37%        N/A       3%          3
f - Fireball              Conj/Fire      62%        3d24      1%          5
g - Starburst             Conj/Fire      62%        6d16      1%          6
h - Spellforged Servitor  Conj/Summ      57%        N/A       1%          7
i - Fire Storm            Conj/Fire      62%        8d16      36%         9

Your spell library contained the following spells:

 Spells                   Type           Power      Damage    Failure   Level
 Chain Lightning          Conj/Air       50%        3d67      99%         9
 Polar Vortex             Ice            18%        N/A       100%        9
 Foxfire                  Conj/Fire      100%       2x1d9     0%          1
 Blink                    Tloc           100%       N/A       0%          2
 Beastly Appendage        Tmut           74%        N/A       1%          1
 Pain                     Necr           100%       1d9       1%          1
 Sandblast                Erth           74%        2d16      1%          1
 Shock                    Conj/Air       100%       1d9       1%          1
 Summon Small Mammal      Summ           100%       N/A       1%          1
 Ensorcelled Hibernation  Hex/Ice        74%        N/A       1%          2
 Passwall                 Tmut/Erth      30%        N/A       1%          2
 Static Discharge         Conj/Air       100%       N/A       1%          2
 Wereblood                Tmut           37%        N/A       1%          2
 Call Canine Familiar     Summ           74%        N/A       1%          3
 Dazzling Flash           Conj/Hex       100%       N/A       1%          3
 Gell's Gravitas          Tloc           90%        N/A       1%          3
 Lesser Beckoning         Tloc           90%        N/A       1%          3
 Stone Arrow              Conj/Erth      100%       3d13      1%          3
 Summon Guardian Golem    Hex/Summ       59%        N/A       1%          3
 Teleport Other           Tloc           90%        N/A       1%          3
 Lightning Bolt           Conj/Air       50%        1d71      1%          5
 Manifold Assault         Tloc           90%        N/A       1%          5
 Summon Forest            Summ/Tloc      41%        N/A       1%          5
 Conjure Ball Lightning   Conj/Air       50%        3x3d17    1%          6
 Ozocubu's Armour         Ice            37%        N/A       3%          3
 Spider Form              Tmut/Pois      37%        N/A       3%          3
 Airstrike                Air            18%        N/A       3%          4
 Olgreb's Toxic Radiance  Pois           37%        N/A       3%          4
 Anguish                  Hex/Necr       18%        N/A       12%         4
 Malign Gateway           Summ/Tloc      41%        N/A       19%         7
 Agony                    Necr           37%        N/A       32%         5
 Alistair's Intoxication  Tmut/Pois      24%        N/A       32%         5
 Excruciating Wounds      Necr           18%        N/A       32%         5
 Disjunction              Tloc           45%        N/A       50%         8
 Ozocubu's Refrigeration  Ice            18%        4d8       90%         7
 Maxwell's Capacitive Co  Air            18%        ∞         100%        8
 Dragon's Call            Summ           37%        N/A       100%        9


Dungeon Overview and Level Annotations

Branches:
Dungeon (11/15)            Temple (1/1) D:7            Lair (6/6) D:10
  Swamp (1/4) Lair:2       Spider (4/4) Lair:2        Slime (0/5) Lair:5
    Orc (2/2) D:11            Elf (0/3) Orc:2         Sewer (visited)
  IceCv (visited)         Volcano (visited)

Altars:
Qazlal
Vehumet
Xom
Zin
Beogh
Jiyva

Shops:
D:3 :   Orc:2 ?(!=

Annotations:
D:6 2 transporters
Swamp:1 Aizul, Roxanne
Spider:3 Bai Suzhen


Message History

Found a buckler.
Aizul shouts!
Marking area around Roxanne as unsafe for travelling.
Unknown command.
Aizul casts a spell at you.
You fall asleep.
Aizul casts a spell at you. The bolt of poison hits you!!
You are poisoned.
You wake up.
You feel very sick.
You enter the shallow water.
Moving in this stuff is going to be slow.
You feel very sick.
You feel very sick. Aizul casts a spell at you. The bolt of poison hits you!
You are more poisoned.
Casting: Fireball (safe; 1% risk of failure)
Confirm with . or Enter, or press ? or * to list all spells.
Casting: Starburst (mildly dangerous; 1% risk of failure)
Press: ? - help, Dir - look around, f - activate You feel a surge of power!
The mangrove smoulders and burns.
The bolt of fire hits Aizul!!!
Aizul is moderately wounded.
The mangrove smoulders and burns. x6
You feel extremely sick.
Aizul coils herself and waves her upper body at you.
The poison arrow hits you!!
You are lethally poisoned!
* * * LOW HITPOINT WARNING * * *
Unknown command.
Okay, then.
Unknown command.
You feel better.
Aizul is engulfed in a cloud of scalding steam.
Aizul casts a spell at you. The bolt of poison hits you!
You are lethally poisoned!
You die...

♣ ♣♣ ♣♣ ♣♣♣ ≈♣ ♣§♣♣§♣♣♣ .♣♣♣
♣♣♣♣♣♣.♣.♣☼♣ ♣♣ 8 ...♣♣
♣♣.♣≈..≈...♣♣♣.♣♣....
♣.≈.♣♣♣♣.§.≈§.§.@§..S...≈$≈.
..≈≈≈♣...≈§...≈..§≈♣♣≈≈.....
≈≈≈≈≈..♣≈≈≈...§♣§..♣ ..≈.≈.≈
≈.≈≈≈.≈≈≈≈≈..♣♣♣♣♣.§♣♣[...≈♣
≈§.≈≈≈≈≈≈≈≈.≈♣ ♣.♣♣ .≈≈.≈♣
♣♣≈≈†.≈♣≈≈..♣♣ ♣.♣ ...≈.≈
≈≈≈≈.≈≈.≈≈.♣♣ ♣.♣ ....≈
..≈.♣≈≈..≈.♣ ♣.♣ ..≈.≈
≈.≈..≈≈≈...♣


You could see Aizul.

Vanquished Creatures
  Mlioglotl (Spider:4)
  Kirke (Spider:4)
  6 emperor scorpions
  2 ghost moths (Spider:4)
  5 broodmothers
  A stone giant (Volcano)
  2 entropy weavers
  The ghost of brujo666 the Tortoise, a journeyman MiFi of Hepliaklqana (Orc:2)
  A spark wasp (Spider:1)
  2 blizzard demons (IceCv)
  An ice dragon (Lair:6)
  Fannar (Lair:2)
  16 hydras
  Erolcha (Orc:1)
  A boulder beetle (Spider:1)
  A jorogumo (Spider:3)
  A caustic shrike simulacrum (IceCv)
  A catoblepas (Lair:6)
  4 radroaches
  6 death yaks (Lair:6)
  2 alligators (Swamp:1)
  An orc high priest (Orc:2)
  Urug (Lair:3)
  Nergalle (Orc:1)
  Sonja (Lair:1)
  5 sun moths
  6 steelbarb worms
  2 pharaoh ants
  2 goliath frogs (Swamp:1)
  13 orb spiders
  6 spriggan simulacra (IceCv)
  An obsidian statue (IceCv)
  A bog body (IceCv)
  A wizard (D:11)
  A lindwurm (Lair:6)
  11 orc knights (Orc:2)
  An ugly thing (D:11)
  23 wolf spiders
  An orc sorcerer (Orc:2)
  6 elephants
  2 moths of wrath
  3 black mambas
  18 cane toads
  8 torpor snails
  2 gargoyles
  An efreet (Volcano)
  12 komodo dragons
  2 rime drakes
  10 ice devils (IceCv)
  A freezing wraith (IceCv)
  An anaconda simulacrum (IceCv)
  5 demonic crawlers
  A queen bee (Lair:5)
  3 entropy weaver simulacra (IceCv)
  A bloated husk (Swamp:1)
  13 polar bears
  3 meliai (Lair:5)
  3 trolls
  26 tarantellas
  11 hornets
  5 tyrant leeches
  6 raiju (Lair:6)
  8 blink frogs
  13 dream sheep (Lair:5)
  14 culicivoras
  2 spriggans (Swamp:1)
  25 jumping spiders
  A vampire (D:11)
  3 fire elementals (Volcano)
  59 yaks
  A wraith (D:11)
  7 vampire mosquitoes
  8 basilisks
  4 wyverns
  3 dire elephant simulacra (IceCv)
  3 hogs (Spider:4)
  8 minotaur simulacra (IceCv)
  33 redbacks
  3 steam dragons
  2 swamp worms (Lair:2)
  9 wargs
  A hydra simulacrum (IceCv)
  4 acid dragons
  A harpy simulacrum (IceCv)
  13 water moccasins
  13 hell hounds
  11 black bears (Lair:6)
  An ettin simulacrum (IceCv)
  2 ice beasts
  41 orc warriors
  A sky beast (D:6)
  7 ogres
  4 alligator simulacra (IceCv)
  32 wolves
  3 centaurs
  3 kobold brigands
  A necrophage (D:3)
  24 bullfrogs
  3 earth elementals (Volcano)
  8 scorpions
  10 deep troll simulacra (IceCv)
  17 wights
  28 killer bees
  2 lindwurm simulacra (IceCv)
  7 electric eels
  The ghost of Opifex the Conjurer, a weakling DECj (D:3)
  A crimson imp (D:11)
  6 hounds
  A jelly (D:4)
  22 orc priests
  A gnoll shaman (D:6)
  25 orc wizards
  3 iguanas
  Robin (D:3)
  10 gnolls
  6 adders
  2 shadow imps
  3 white imps
  2 worms
  3 dart slugs (D:1)
  101 orcs
  10 endoplasms
  20 giant cockroaches
  13 goblins
  9 hobgoblins
  7 jackals
  13 quokkas
  11 ball pythons
  7 bats
  9 frilled lizards (Sewer)
  25 kobolds
  10 rats
1043 creatures vanquished.

Vanquished Creatures (collateral kills)
  An emperor scorpion (Spider:4)
1 creature vanquished.

Vanquished Creatures (others)
  63 fulminant prisms
  34 fungi
  85 plants
182 creatures vanquished.

Grand Total: 1226 creatures vanquished

Notes
Turn   | Place    | Note
-------+----------+-------------------------------------------
     0 | D:1      | Querens the Deep Elf Conjurer began the quest for the Orb.
     0 | D:1      | Reached XP level 1. HP: 10/10 MP: 6/6
   133 | D:1      | Reached XP level 2. HP: 15/15 MP: 0/8
   289 | D:1      | Learned a level 2 spell: Searing Ray
   323 | D:1      | Found a faded altar of an unknown god.
   373 | D:1      | Reached skill level 4 in Spellcasting
   391 | D:1      | Reached skill level 5 in Conjurations
   420 | D:1      | Reached XP level 3. HP: 15/19 MP: 0/10
   728 | D:2      | Reached XP level 4. HP: 22/24 MP: 7/12
   901 | D:2      | Reached skill level 5 in Spellcasting
   974 | D:2      | Reached XP level 5. HP: 26/28 MP: 9/14
  1099 | D:2      | Learned a level 4 spell: Iskenderun's Mystic Blast
  1104 | D:2      | Learned a level 4 spell: Fulminant Prism
  1288 | D:3      | Found a shimmering altar of Xom.
  1313 | D:3      | Reached skill level 1 in Translocations
  1336 | D:3      | Noticed Robin
  1357 | D:3      | Killed Robin
  1505 | D:3      | Found Loozipemaa's Book Boutique.
  1601 | D:3      | Found a large runed translucent door.
  1602 | D:3      | Found a large runed translucent door.
  1604 | D:3      | Noticed Opifex's ghost (weakling DECj)
  1620 | D:3      | Killed Opifex's ghost
  1621 | D:3      | Reached skill level 6 in Spellcasting
  1621 | D:3      | Reached XP level 6. HP: 27/32 MP: 13/17
  1860 | D:4      | Found a glowing drain.
  1911 | Sewer    | Entered a sewer
  2214 | Sewer    | Reached skill level 7 in Spellcasting
  2214 | Sewer    | Reached XP level 7. HP: 22/36 MP: 12/19
  2328 | D:4      | Found a glowing silver altar of Zin.
  2504 | D:5      | Entered Level 5 of the Dungeon
  2509 | D:5      | Found a radiant altar of Vehumet.
  2529 | D:5      | Became a worshipper of Vehumet
  2885 | D:5      | Reached skill level 8 in Spellcasting
  2885 | D:5      | Reached XP level 8. HP: 41/41 MP: 17/22
  3065 | D:5      | Reached skill level 5 in Translocations
  3074 | D:5      | Reached skill level 9 in Spellcasting
  3321 | D:6      | Learned a level 3 spell: Swiftness
  3517 | D:6      | Reached * piety under Vehumet
  3517 | D:6      | Offered knowledge of Freeze by Vehumet.
  3518 | D:6      | Reached XP level 9. HP: 15/45 MP: 9/24
  3681 | D:6      | Found a transporter.
  3686 | D:6      | Noticed a kobold demonologist
  3686 | D:6      | Noticed a kobold demonologist
  3695 | D:6      | Found a transporter.
  3741 | D:6      | Reached skill level 10 in Spellcasting
  3940 | D:7      | Offered knowledge of Poisonous Vapours by Vehumet.
  3940 | D:7      | Reached ** piety under Vehumet
  4035 | D:7      | Found a staircase to the Ecumenical Temple.
  4255 | D:8      | Reached skill level 11 in Spellcasting
  4255 | D:8      | Reached skill level 10 in Conjurations
  4302 | Temple   | Entered the Ecumenical Temple
  4727 | D:8      | Offered knowledge of Stone Arrow by Vehumet.
  4734 | D:8      | Reached XP level 10. HP: 30/50 MP: 8/27
  5515 | D:9      | Reached *** piety under Vehumet
  5556 | D:9      | Reached skill level 12 in Spellcasting
  5705 | D:9      | Offered knowledge of Hailstorm by Vehumet.
  5884 | D:10     | Entered Level 10 of the Dungeon
  6142 | D:10     | Reached **** piety under Vehumet
  6144 | D:10     | Offered knowledge of Frozen Ramparts by Vehumet.
  6146 | D:10     | Found a staircase to the Lair.
  6372 | D:10     | Found a stormy altar of Qazlal.
  6396 | D:10     | Reached skill level 10 in Translocations
  6397 | D:10     | Reached skill level 13 in Spellcasting
  6581 | D:10     | Reached XP level 11. HP: 54/54 MP: 25/30
  6896 | D:11     | Noticed a four-headed hydra
  6904 | D:11     | Killed a four-headed hydra
  6910 | D:11     | Reached ***** piety under Vehumet
  6989 | D:11     | Offered knowledge of Iskenderun's Battlesphere by Vehumet.
  7102 | D:11     | Noticed a seven-headed hydra
  7111 | D:11     | Killed a seven-headed hydra
  7116 | D:11     | Reached skill level 14 in Spellcasting
  7116 | D:11     | Found a staircase to the Orcish Mines.
  7488 | D:11     | Noticed a red ugly thing
  7508 | D:11     | Killed a red ugly thing
  7553 | D:11     | Identified a scroll of acquirement
  7554 | D:11     | Acquired the Grimoire of Noxious Fire
  7562 | D:11     | Learned a level 5 spell: Fireball
  7569 | D:11     | Learned a level 6 spell: Starburst
  7640 | D:11     | Noticed a wizard
  7644 | D:11     | Killed a wizard
  7682 | Orc:1    | Entered Level 1 of the Orcish Mines
  7686 | Orc:1    | Reached skill level 1 in Fire Magic
  7728 | Orc:1    | Reached skill level 1 in Fighting
  7849 | Orc:2    | Entered Level 2 of the Orcish Mines
  7894 | Orc:2    | Noticed an orc sorcerer
  7909 | Orc:2    | Noticed an orc high priest
  7916 | Orc:2    | Killed an orc high priest
  7918 | Orc:2    | Killed an orc sorcerer
  7984 | Orc:2    | Found a staircase to the Elven Halls.
  8036 | Orc:2    | Found a runed translucent gate.
  8036 | Orc:2    | Noticed an orc knight
  8037 | Orc:2    | Found a runed translucent gate.
  8037 | Orc:2    | Noticed brujo666's ghost (journeyman MiFi)
  8038 | Orc:2    | Found a runed translucent gate.
  8040 | Orc:2    | Identified the +3 chain mail of Resonance {rElec Will-
                  | Stlth+}
  8040 | Orc:2    | Noticed an orc knight
  8041 | Orc:2    | Noticed an orc knight
  8047 | Orc:2    | Noticed an orc knight
  8153 | Orc:2    | Noticed an orc knight
  8157 | Orc:2    | Noticed an orc knight
  8159 | Orc:2    | Noticed an orc knight
  8164 | Orc:2    | Reached XP level 12. HP: 44/64 MP: 12/32
  8276 | Orc:2    | Reached skill level 15 in Spellcasting
  8287 | Orc:2    | Found Uffilipsao's Antique Weapon Boutique.
  8287 | Orc:2    | Found Ximikh's Magic Scroll Shoppe.
  8301 | Orc:2    | Bought a scroll of immolation for 42 gold pieces
  8301 | Orc:2    | Bought a scroll of silence for 90 gold pieces
  8301 | Orc:2    | Bought a scroll of enchant weapon for 90 gold pieces
  8332 | Orc:2    | Found Aviaj's Jewellery Boutique.
  8333 | Orc:2    | Found Ysupiss's Distillery.
  8358 | Orc:2    | Bought a potion of mutation for 120 gold pieces
  8358 | Orc:2    | Bought a potion of brilliance for 60 gold pieces
  8358 | Orc:2    | Bought a potion of curing for 45 gold pieces
  8358 | Orc:2    | Bought 2 potions of heal wounds for 150 gold pieces
  8358 | Orc:2    | Bought a potion of magic for 120 gold pieces
  8403 | Orc:2    | Bought a scroll of identify for 24 gold pieces
  8403 | Orc:2    | Bought a scroll of blinking for 90 gold pieces
  8403 | Orc:2    | Bought a scroll of identify for 24 gold pieces
  8403 | Orc:2    | Bought 2 scrolls of identify for 48 gold pieces
  8517 | Orc:1    | Noticed Erolcha
  8521 | Orc:1    | Killed Erolcha
  8521 | Orc:1    | Offered knowledge of Sticky Flame by Vehumet.
  8522 | Orc:1    | Reached skill level 5 in Fire Magic
  8678 | Orc:1    | Noticed Nergalle
  8680 | Orc:1    | Killed Nergalle
  8852 | Orc:2    | Killed brujo666's ghost
  9127 | Lair:1   | Entered Level 1 of the Lair of Beasts
  9189 | Lair:1   | Reached skill level 16 in Spellcasting
  9199 | Lair:1   | Reached XP level 13. HP: 64/72 MP: 21/35
  9202 | Lair:1   | Reached skill level 5 in Fighting
  9251 | Lair:1   | Noticed Sonja
  9254 | Lair:1   | Killed Sonja
  9527 | Lair:1   | Found a dark tunnel.
  9540 | Volcano  | Entered a volcano
  9559 | Volcano  | Noticed a stone giant
  9570 | Volcano  | Killed a stone giant
  9987 | Lair:2   | Noticed Fannar
  9991 | Lair:2   | Killed Fannar
 10065 | Lair:2   | Offered knowledge of Conjure Ball Lightning by Vehumet.
 10345 | Lair:2   | Found a hole to the Spider Nest.
 10363 | Lair:2   | Reached skill level 17 in Spellcasting
 10420 | Lair:2   | Found a staircase to the Swamp.
 10512 | Lair:3   | Noticed Urug
 10517 | Lair:3   | Killed Urug
 10622 | Lair:3   | Reached skill level 15 in Conjurations
 11199 | Lair:4   | Reached XP level 14. HP: 80/80 MP: 31/37
 11669 | Lair:5   | Reached ****** piety under Vehumet
 11778 | Lair:5   | Offered knowledge of Lee's Rapid Deconstruction by Vehumet.
 12005 | Lair:5   | Found a viscous altar of Jiyva.
 12005 | Lair:5   | Found a staircase to the Slime Pits.
 12017 | Lair:6   | Entered Level 6 of the Lair of Beasts
 12079 | Lair:6   | Reached skill level 18 in Spellcasting
 12079 | Lair:6   | Reached skill level 10 in Fire Magic
 12349 | Lair:6   | Offered knowledge of Yara's Violent Unravelling by Vehumet.
 12407 | Lair:6   | Found a runed translucent door.
 12488 | Lair:6   | Reached XP level 15. HP: 75/89 MP: 39/39
 12617 | Lair:6   | Reached skill level 19 in Spellcasting
 12845 | Spider:1 | Entered Level 1 of the Spider Nest
 12851 | Spider:1 | Offered knowledge of Eringya's Noxious Bog by Vehumet.
 12872 | Spider:1 | Noticed an emperor scorpion
 12877 | Spider:1 | Killed an emperor scorpion
 12908 | Spider:1 | Acquired Querens's Tome of Creative Air
 12918 | Spider:1 | Learned a level 7 spell: Spellforged Servitor
 13034 | Spider:1 | Reached skill level 1 in Summonings
 13231 | Spider:2 | Offered knowledge of Ignition by Vehumet.
 13251 | Spider:2 | Found a frozen archway.
 13282 | IceCv    | Entered an ice cave
 13368 | IceCv    | Reached XP level 16. HP: 77/96 MP: 23/41
 13502 | IceCv    | Reached skill level 20 in Spellcasting
 13573 | IceCv    | Reached skill level 10 in Fighting
 13656 | IceCv    | Identified the ring "Guad" {+Blink rC+}
 13662 | IceCv    | Got the Papyrus of the Compass
 14126 | Spider:3 | Reached skill level 5 in Summonings
 14301 | Spider:3 | Offered knowledge of Fire Storm by Vehumet.
 14301 | Spider:3 | Offered knowledge of Chain Lightning by Vehumet.
 14301 | Spider:3 | Offered knowledge of Polar Vortex by Vehumet.
 14447 | Spider:4 | Entered Level 4 of the Spider Nest
 14447 | Spider:4 | Noticed Bai Suzhen
 14560 | Spider:4 | Noticed Mlioglotl
 14566 | Spider:4 | Killed Mlioglotl
 14585 | Spider:4 | Learned a level 9 spell: Fire Storm
 14648 | Spider:4 | Identified the +1 robe "Ydeq" {rF+ rN+ Str+3 Dex-2}
 14685 | Spider:4 | Noticed Kirke
 14689 | Spider:4 | Killed Kirke
 14990 | Spider:4 | Reached XP level 17. HP: 103/103 MP: 34/43
 15221 | Spider:4 | Got a gossamer rune of Zot
 15453 | Swamp:1  | Entered Level 1 of the Swamp
 15489 | Swamp:1  | Reached skill level 21 in Spellcasting
 15506 | Swamp:1  | Noticed Roxanne
 15506 | Swamp:1  | Noticed Aizul
 15511 | Swamp:1  | HP: 2/104 [Aizul/poison arrow (33)]
 15512 | Swamp:1  | Killed from afar by Aizul

Illustrated notes

Levels and vault maps discovered:
D:1:      giann_bridges, layout_basic, hellmonk_ecumenical_altar_inner_sanctum,
          hangedman_decor_peaks_small, hangedman_feature_mirror
D:2:      layout_loops_cross
D:3:      layout_rooms, mainiacjoe_overflow_24_doors, serial_shops, shop_coins,
          ebering_ghost_disaster_area, uniq_robin
D:4:      layout_rooms, mainiacjoe_overflow_cross_hatched, gup_sewer_entry_pipe
D:5:      layout_gridville, fiery_altar_vehumet, serial_glass, glass_columns_a,
          glass_columns_a
D:6:      gammafunk_wand_slinger, layout_gridville
D:7:      layout_cave_pools, temple_green
D:8:      layout_layer_cave, kennysheep_generic_room_11
D:9:      layout_roguey, minmay_misc_feat_diagonals
D:10:     layout_loops_corners, lemuel_doored_altar, erik_lair_island
D:11:     layout_basic, david_orc_3, lightli_wizard_tower
Temple:   dpeg_five_rooms_temple
Lair:1:   layout_regular_city, enter_volcano_3, infiniplex_staircase_pool,
          grunt_megastairs_4, uniq_sonja
Lair:2:   layout_chaotic_city, palyth_hydra_swamp_entry,
          nicolae_spider_entry_non_spiders, nzn_random_ring,
          infiniplex_staircase_pool_2, uniq_fannar
Lair:3:   layout_gridlike, beast_lair_carwin_8, uniq_urug
Lair:4:   layout_cave_pods, grunt_megastairs_3
Lair:5:   layout_long_grid, dpeg_slime_entry_enclosed_altar, special_room
          [special_room_bee]
Lair:6:   hangedman_lair_caniforms_friends, layout_big_grid, wormcave,
          serial_bayou_shore_a
Swamp:1:  layout_falls_marsh, gammafunk_ghost_arena,
          nicolae_swamp_round_clearing, uniq_roxanne, uniq_aizul
Spider:1: layout_spider_delve, special_room, nicolae_spider_bzzzt, uniq_nikola
Spider:2: layout_spider_delve, portal_ice_cave_entry_pillars_2, drop_trap
Spider:3: layout_spider_delve, nicolae_spider_stair_cavern
Spider:4: guppyfry_spider_rune, nicolae_spider_twisty_arc_passages, uniq_kirke,
          uniq_mlioglotl, uniq_bai_suzhen
Orc:1:    layout_caves, uniq_nergalle, uniq_erolcha
Orc:2:    st_orc_town, layout_caves, biasface_ghost_orc_armoury, basic_altar,
          lemuel_statue_altar

Skill      XL: |  1  2  3  4  5  6  7  8  9 10 11 12 13 14 15 16 17 |
---------------+----------------------------------------------------+-----
Spellcasting   | 4 5 6 7 8 9 11 13 14 16 17 18 19 20 21 | 21.0
Conjurations   | 5 6 7 9 10 11 13 14 15 16 17 18 | 18.3
Translocations | 1 3 4 6 8 10 11 12 | 12.0
Fire Magic     | 3 6 9 10 12 13 | 13.9
Fighting       | 2 4 6 8 9 10 | 10.8
Summonings     | 3 6 7 |  7.3
Dodging        | |  2.4
Stealth        | |  2.4

Action                   |  1- 3 |  4- 6 |  7- 9 | 10-12 | 13-15 | 16-18 || total
-------------------------+-------+-------+-------+-------+-------+-------++-------
Melee: Unarmed           |    19 |       |       |       |       |       ||    19
       Hand axe          |       |    29 |       |       |       |       ||    29
       Whip              |       |    88 |    12 |       |       |       ||   100
       Punch             |       |     2 |       |     3 |       |       ||     5
       Spear             |       |       |    37 |    58 |       |       ||    95
       Flail             |       |       |       |       |    14 |       ||    14
       Staff             |       |       |       |       |    14 |    27 ||    41
       Hand crossbow     |       |       |       |       |     4 |       ||     4
 Fire: Hand crossbow     |       |       |       |       |    14 |       ||    14
 Cast: Magic Dart        |    42 |    24 |     5 |    12 |     2 |       ||    85
       Searing Ray       |     8 |    28 |    41 |    31 |     9 |     2 ||   119
       Iskenderun's Myst |       |       |    23 |   105 |   226 |    66 ||   420
       Fulminant Prism   |       |       |     7 |    43 |     8 |     5 ||    63
       Fireball          |       |       |       |    29 |    73 |    86 ||   188
       Starburst         |       |       |       |    21 |    96 |    64 ||   181
       Spellforged Servi |       |       |       |       |     1 |     1 ||     2
Evoke: Wand              |       |       |       |     7 |     1 |     9 ||    17
       Box of beasts     |       |       |       |     1 |       |       ||     1
  Use: Scroll            |       |       |    10 |    14 |    10 |     3 ||    37
       Potion            |       |       |       |     1 |     4 |     1 ||     6
 Stab: Sleeping          |       |     5 |     2 |       |       |       ||     7
       Distracted        |       |       |       |     1 |       |       ||     1
       Invisible         |       |       |       |       |     1 |       ||     1
       Paralysed         |       |       |       |       |       |    10 ||    10
Armor: Robe              |    14 |    30 |    13 |    18 |       |       ||    75
       Troll leather arm |       |       |       |    22 |    77 |    38 ||   137
Dodge: Dodged            |    27 |   107 |    70 |    83 |   114 |    49 ||   450

Table legend: (Time is in decaauts)
 A = Elapsed time spent in this place.
 B = Non-inter-level travel time spent in this place.
 C = Inter-level travel time spent in this place.
 D = Time resting spent in this place.
 E = Time spent auto-exploring this place.
 F = Levels seen in this place.
 G = Mean time per level.
                   A        B        C        D        E       F      G
               +--------+--------+--------+--------+--------+-----+--------+
         Total |  15710 |  14013 |   1697 |     70 |      0 |  28 |  561.1 |
       Dungeon |   7480 |   6624 |    856 |     10 |      0 |  11 |  680.0 |
        Temple |      1 |      1 |      0 |      0 |      0 |   1 |    1.0 |
          Lair |   3672 |   3266 |    406 |     22 |      0 |   6 |  612.0 |
         Swamp |     65 |     65 |      0 |      0 |      0 |   1 |   65.0 |
   Spider Nest |   2152 |   1914 |    238 |     38 |      0 |   4 |  538.0 |
  Orcish Mines |   1349 |   1154 |    195 |      0 |      0 |   2 |  674.5 |
         Sewer |    401 |    401 |      0 |      0 |      0 |   1 |  401.0 |
      Ice Cave |    434 |    434 |      0 |      0 |      0 |   1 |  434.0 |
       Volcano |    153 |    153 |      0 |      0 |      0 |   1 |  153.0 |
               +--------+--------+--------+--------+--------+-----+--------+

Top non-repeatable levels by time:
     D:8: 1085 daAuts
    D:11: 979 daAuts
   Orc:2: 975 daAuts
    D:10: 930 daAuts
Spider:4: 853 daAuts
     D:5: 810 daAuts
  Lair:6: 781 daAuts
  Lair:2: 745 daAuts
     D:2: 704 daAuts
  Lair:4: 601 daAuts
  Lair:1: 570 daAuts
Spider:2: 566 daAuts
     D:6: 554 daAuts
     D:1: 541 daAuts
  Lair:3: 531 daAuts
